 Dungeon Crawl Stone Soup version 0.28-a0-726-g4a9143789a (webtiles) character file.

Game seed: 7886564867966534140

364 kae the Chopper (level 6, -1/44 (56) HPs)
             Began as a Hill Orc Cinder Acolyte on Oct 27, 2021.
             Was a High Priest of Ignis.
             Slain by a wight (14 damage)
             ... on level 4 of the Dungeon.
             The game lasted 00:05:03 (6003 turns).

kae the Chopper (Hill Orc Cinder Acolyte)           Turns: 6003, Time: 00:05:03

HP:   -1/44 (56)    AC:  6    Str: 17    XL:     6   Next: 67%
MP:   9/9           EV:  9    Int: 16    God:    Ignis [*****.]
Gold: 195           SH:  3    Dex:  6    Spells: 7/9 levels left

rFire   + . .      SeeInvis .   a - +0 hand axe (flame)
rCold   . . .      Faith    .   m - +1 buckler
rNeg    . . .      Spirit   .   h - +0 ring mail
rPois   .          Reflect  .   e - +0 helmet
rElec   .          Harm     .   f - scarf {repulsion}
rCorr   .          Rampage  .   (no gloves)
Will    .....                   (no boots)
Stlth   ..........              (no amulet)
HPRegen 0.14/turn               (no ring)
MPRegen 0.11/turn               (no ring)

@: mighty, heavily drained, repel missiles, unable to read
A: fangs 1, inability to read while threatened
a: Renounce Religion, Sea of Fire, Foxfire Swarm, Rising Flame


You were on level 4 of the Dungeon.
You worshipped Ignis.
Ignis was extremely pleased with you.
You visited 1 branch of the dungeon, and saw 5 of its levels.
You also visited: Sewer.

You collected 195 gold pieces.

Inventory:

Hand Weapons
 a - a +0 hand axe of flaming (weapon)
Armour
 b - a +0 robe
 e - a +0 helmet (worn)
 f - a scarf of repulsion (worn)
 h - a +0 ring mail (worn)
 l - a +0 pair of gloves
 m - a +1 buckler (worn)
Wands
 n - a wand of polymorph (10)
Scrolls
 c - 2 scrolls of fog
 d - a scroll of identify
 o - a scroll of magic mapping
Potions
 g - a potion of curing
 i - 2 potions of flight


   Skills:
 + Level 5.0 Fighting
 * Level 6.8 Axes
 + Level 2.2 Spellcasting
 + Level 4.6 Fire Magic


You had 7 spell levels left.
You knew the following spells:

 Your Spells              Type           Power      Damage    Failure   Level
a - Scorch                Fire           32%        2d6       14%         2

Your spell library contained the following spells:

 Spells                   Type           Power      Damage    Failure   Level
 Animate Skeleton         Necr           2%         N/A       54%         1
 Pain                     Necr           4%         1d4       54%         1
 Blink                    Tloc           2%         N/A       67%         2
 Lesser Beckoning         Tloc           1%         N/A       88%         3
 Vampiric Draining        Necr           0%         2d6       88%         3
 Manifold Assault         Tloc           1%         N/A       100%        5


Dungeon Overview and Level Annotations

Branches:
Dungeon (5/15)              Sewer (visited)
 Temple: D:4-7

Altars:
Elyvilon
Gozag
Makhleb
Zin

Annotations:
D:2 1 runed translucent door, Crazy Yiuf
D:5 Eustachio


Innate Abilities, Weirdness & Mutations

You have very sharp teeth.
You sometimes lose the ability to read scrolls when taking damage.


Message History

The wight is severely damaged.
You block the wight's attack.
You hit the wight. You burn the wight.
The wight is almost destroyed.
You slash the wight! You burn the wight. The wight misses you.
The wight hits you with a +6 great sword!
You feel drained.
You slash the wight! You burn the wight.
You destroy the wight!
You closely miss the wight.
The wight hits you with a +2 great sword!
You feel threatened and lose the ability to read scrolls!
* * * LOW HITPOINT WARNING * * *
You feel drained.
* * * LOW HITPOINT WARNING * * *
You feel much better.
The wight hits you with a +2 great sword!
You feel drained.
The wight hits you with a +0 long sword.
You feel drained.
You closely miss the wight.
The wight is heavily damaged.
You hit the wight. You burn the wight.
The wight hits you with a +2 great sword.
You feel drained. You block the wight's attack.
You closely miss the wight.
The wight is heavily damaged.
You barely miss the wight. The wight barely misses you.
The wight hits you with a +0 long sword.
* * * LOW HITPOINT WARNING * * *
You feel much better.
The wight hits you with a +2 great sword!
You feel drained.
* * * LOW HITPOINT WARNING * * *
The wight barely misses you.
You closely miss the wight.
The wight is heavily damaged.
You slash the wight! You burn the wight.
The wight hits you with a +2 great sword!
You die...

#..........#....#......
#..........#'####......
#..........#....#......
#..........'....#......
#..........#....#......
#.....######....#......
#<....#....#....#......
#######...##....#......
#...)@...##(...#......
#...#zz..#.....#......
#...#....#.....#......
#...##...##....#......
#...##...##....'......
#....#...#.....#......
#....#...'.....#......
#....#...#...<.#......
###'###'#########......


You could see 2 wights.

Vanquished Creatures
  A kobold brigand (Sewer)
  A wight (D:4)
  An orc priest (D:3)
  Jessica (D:3)
  2 orc wizards (D:3)
  3 adders
  A river rat (Sewer)
  An adder skeleton (D:4)
  2 worms (D:4)
  2 dart slugs (D:1)
  6 orcs (D:3)
  2 bats (D:2)
  8 endoplasms
  A giant cockroach (D:1)
  7 goblins
  4 hobgoblins
  13 jackals
  10 kobolds
  A quokka (D:4)
  4 ball pythons
  2 frilled lizards
  11 rats
  A bush (D:4)
85 creatures vanquished.

Vanquished Creatures (others)
  An orc wizard (D:3)
  2 bushes (D:4)
3 creatures vanquished.

Grand Total: 88 creatures vanquished

Notes
Turn   | Place    | Note
-------+----------+-------------------------------------------
     0 | D:1      | kae the Hill Orc Cinder Acolyte began the quest for the
                  | Orb.
     0 | D:1      | Reached XP level 1. HP: 19/19 MP: 2/2
   395 | D:1      | Reached XP level 2. HP: 27/27 MP: 3/3
   614 | D:1      | Learned a level 2 spell: Scorch
   644 | D:1      | Reached XP level 3. HP: 21/33 MP: 1/4
  1849 | D:2      | Found a faded altar of an unknown god.
  1939 | D:2      | Reached skill level 5 in Axes
  2005 | D:2      | Found a runed translucent door.
  2006 | D:2      | Noticed Crazy Yiuf
  2759 | D:3      | Reached XP level 4. HP: 25/40 MP: 3/6
  2997 | D:3      | Noticed Jessica
  3008 | D:3      | HP: 3/60 [Jessica (4)]
  3011 | D:3      | Killed Jessica
  3013 | D:3      | Reached XP level 5. HP: 28/47 MP: 7/7
  3027 | D:3      | Gained mutation: You sometimes lose the ability to read
                  | scrolls when taking damage. [potion of mutation]
  3027 | D:3      | Gained mutation: You have very sharp teeth. [potion of
                  | mutation]
  3664 | D:3      | Found a white marble altar of Elyvilon.
  4015 | D:3      | Reached skill level 6 in Axes
  4523 | D:4      | Found a glowing drain.
  4538 | D:4      | Reached XP level 6. HP: 53/53 MP: 4/9
  4545 | Sewer    | Entered a sewer
  4782 | Sewer    | Found a white marble altar of Elyvilon.
  5412 | D:4      | Reached skill level 5 in Fighting
  5488 | D:4      | Found an opulent altar of Gozag.
  5862 | D:5      | Entered Level 5 of the Dungeon
  5922 | D:5      | Found a burning altar of Makhleb.
  5927 | D:5      | Found a glowing silver altar of Zin.
  5927 | D:5      | Noticed a green death
  5927 | D:5      | Noticed an angel
  5960 | D:5      | Noticed Eustachio
  6003 | D:4      | Slain by a wight

Illustrated notes

Levels and vault maps discovered:
D:1:      giann_wishing_wells, layout_basic, minmay_misc_feat_plants
D:2:      layout_loops_ring, dreamdust_ecumenical_altar_statues,
          uniq_crazy_yiuf_cottage
D:3:      layout_loops_ring, mainiacjoe_overflow_alcove_2, serial_rivers,
          chequers_serial_rivers_room_a, chequers_serial_rivers_marsh,
          chequers_serial_rivers_room_a, chequers_serial_rivers_large_b,
          uniq_jessica
D:4:      layout_gridville, grunt_gozag_breadcrumbs,
          cheibrodos_sewer_entry_bend, minmay_hedge_maze
D:5:      layout_basic, grunt_temple_overflow_order_and_chaos_2,
          nicolae_ashenzari_panopticon, minmay_temple_entry_tees,
          grunt_decor_one_mirror, uniq_duvessa, uniq_eustachio

Skill      XL: |  1  2  3  4  5  6 |
---------------+-------------------+-----
Fighting       | 4 5 |  5.0
Axes           | 5 6 |  6.8
Fire Magic     | 4 |  4.6
Spellcasting   | 2 |  2.2

Action                   |  1- 3 |  4- 6 || total
-------------------------+-------+-------++-------
Melee: Hand axe          |    68 |   189 ||   257
       Bite              |       |    18 ||    18
 Cast: Scorch            |    12 |    28 ||    40
  Use: Scroll            |     4 |     6 ||    10
       Potion            |       |    11 ||    11
 Stab: Invisible         |       |     1 ||     1
Armor: Robe              |    24 |       ||    24
       Ring mail         |     1 |    56 ||    57
       Skin              |       |    32 ||    32
Dodge: Dodged            |    59 |    58 ||   117
Block: Buckler           |       |    14 ||    14

Table legend: (Time is in decaauts)
 A = Elapsed time spent in this place.
 B = Non-inter-level travel time spent in this place.
 C = Inter-level travel time spent in this place.
 D = Time resting spent in this place.
 E = Time spent auto-exploring this place.
 F = Levels seen in this place.
 G = Mean time per level.
                   A        B        C        D        E       F      G
               +--------+--------+--------+--------+--------+-----+--------+
         Total |   6092 |   5622 |    470 |    313 |   4421 |   6 | 1015.3 |
       Dungeon |   5788 |   5318 |    470 |    240 |   4246 |   5 | 1157.6 |
         Sewer |    304 |    304 |      0 |     73 |    175 |   1 |  304.0 |
               +--------+--------+--------+--------+--------+-----+--------+

Top non-repeatable levels by time:
     D:3: 2063 daAuts
     D:1: 1684 daAuts
     D:2: 996 daAuts
     D:4: 936 daAuts
   Sewer: 304 daAuts
     D:5: 107 daAuts
